AoeStats
← TMP1

Baltic

510625598Analyzed
4v4 RM · 2d ago on Oct 1, 2026· 43m 43s· 8 players
Game mode
Random Map
Map size
Large (8 player)
Population
200
Speed
Normal
Resources
Standard
Victory
Conquest
Starting age
Dark Age
Ending age
Imperial Age
RankedLock teamsTeams togetherTeam positionsShared explorationLock speedFull tech treeHidden civsTurbo modeCheats
Victory
Defeat
🇩🇪 Spanish · Germany
801
+11
🇩🇪 Varangians · Germany
792
+12
🇦🇲 Bengalis · Armenia
787
+12
🇪🇸 Teutons · Spain
729
+14
🇺🇸 Romans · United States
752
-14
🇻🇪 Vietnamese · Venezuela
752
-15
🇨🇦 Khmer · Canada
646
-10
🇪🇸 Persians · Spain
623
-10
Shupnikkurat
0:32 Loom
11:46 Feudal Age
16:56 Castle Age
15:17 Double-Bit Axe
15:19 Horse Collar
21:05 Bow Saw
22:42 Heavy Plow
27:29 Gold Mining
30:01 Wheelbarrow
33:19 Imperial Age
31:59 Ballistics
31:54 Forging
31:45 Scale Mail Armor
31:50 Caravan
31:39 Vendel Legacy
33:18 Iron Casting
33:16 Squires
33:02 Gambesons
32:40 Pikeman
34:25 Conscription
33:28 Gothikon
33:33 Elite Varangian Guard
34:01 Arson
34:36 Halberdier
35:45 Hand Cart
35:29 Stone Mining
37:03 Chain Mail Armor
38:00 Blast Furnace
40:58 Chemistry
41:19 Plate Mail Armor
41:39 Capped Ram
43:18 Onager
Maga92
9:56 Loom
11:44 Feudal Age
12:07 Horse Collar
12:14 Double-Bit Axe
22:05 Castle Age
20:26 Forging
20:16 Scale Mail Armor
21:48 Arson
23:38 Chain Mail Armor
24:01 Iron Casting
23:30 Squires
29:08 Wheelbarrow
28:22 Loom
31:11 Scale Barding Armor
33:33 Bloodlines
37:59 Imperial Age
40:22 Block Printing
40:37 Sanctity
40:44 Illumination
43:06 Elite Teutonic Knight
44:51 Blast Furnace
44:21 Plate Mail Armor
TMP1
4:12 Loom
11:59 Feudal Age
16:43 Castle Age
14:56 Double-Bit Axe
17:20 Wheelbarrow
27:15 Bow Saw
28:35 Caravan
36:14 Imperial Age
34:50 Forging
34:46 Scale Barding Armor
34:34 Fletching
34:45 Padded Archer Armor
35:22 Paiks
35:45 Horse Collar
36:02 Gold Mining
36:28 Bloodlines
36:18 Husbandry
37:08 Hand Cart
36:38 Town Watch
37:59 Coinage
37:40 Guilds
38:10 Elite Battle Elephant
39:53 Heavy Plow
40:33 Gold Shaft Mining
41:17 Two-Man Saw
41:06 Conscription
43:29 Mahayana
LeginExelents
3:53 Loom
12:37 Feudal Age
18:14 Castle Age
16:55 Scale Barding Armor
16:33 Horse Collar
16:41 Double-Bit Axe
17:13 Gold Mining
19:17 Stone Mining
21:49 Heavy Plow
23:37 Wheelbarrow
28:31 Caravan
29:06 Fortified Wall
28:52 Murder Holes
30:42 Hand Cart
33:04 Imperial Age
31:32 Husbandry
31:42 Bloodlines
32:01 Ballistics
33:56 Padded Archer Armor
33:46 Fletching
34:49 Conscription
34:22 Light Cavalry
35:55 Cavalier
36:20 Demolition Ship
38:00 Hussar
38:28 Capped Ram
40:13 Chemistry
39:24 Masonry
40:16 Paladin
41:57 Hand Cart
42:20 Coinage
43:05 Chain Barding Armor
43:00 Leather Archer Armor
42:41 Bodkin Arrow
42:56 Elite Conquistador
JAVIXVZLA
0:28 Loom
9:59 Feudal Age
10:57 Double-Bit Axe
11:30 Horse Collar
12:46 Town Watch
20:44 Castle Age
19:23 Scale Mail Armor
19:33 Padded Archer Armor
23:31 Wheelbarrow
23:05 Stone Mining
23:21 Heavy Plow
23:34 Bow Saw
23:18 Gold Mining
24:43 Hand Cart
24:55 Pikeman
25:36 Squires
25:01 Elite Skirmisher
25:58 Forging
28:07 Gold Shaft Mining
29:46 Ballistas
32:43 Ballistics
35:44 Imperial Age
34:14 Scale Barding Armor
37:03 Conscription
36:11 Heavy Scorpion
36:27 Light Cavalry
39:58 Chemistry
39:49 Bloodlines
40:50 Crop Rotation
40:36 Town Patrol
40:51 Halberdier
brunox.acosta
3:07 Loom
10:20 Feudal Age
11:04 Horse Collar
11:11 Double-Bit Axe
20:38 Castle Age
19:46 Stone Mining
19:49 Gold Mining
21:35 Heavy Plow
21:48 Bow Saw
22:14 Padded Archer Armor
22:06 Fletching
23:00 Elite Skirmisher
25:24 Scale Mail Armor
25:40 Leather Archer Armor
25:36 Scale Barding Armor
26:59 Wheelbarrow
26:09 Town Watch
26:50 Pikeman
27:32 Squires
27:39 Thumb Ring
29:22 Ballistics
33:03 Imperial Age
30:51 Hand Cart
31:18 Masonry
34:20 Imperial Skirmisher
36:34 Chemistry
35:42 Siege Engineers
35:11 Elite Rattan Archer
36:14 Paper Money
37:47 Ring Archer Armor
38:30 Bodkin Arrow
40:43 Bracer
40:59 Chain Mail Armor
40:55 Forging
42:05 Halberdier
43:22 Plate Mail Armor
42:19 Elite Fire Lancer
Skay9275
13:31 Feudal Age
14:48 Double-Bit Axe
22:49 Castle Age
28:59 Fishing Lines
29:40 Medium Warships
28:55 Demolition Ship
29:36 Gold Mining
30:03 Bow Saw
33:48 Caravan
37:29 Imperial Age
36:07 Gold Shaft Mining
35:22 Stone Mining
40:05 Elite Ballista Elephant
40:49 Tusk Swords
42:26 Heavy Warships
PerkyCake117159
5:30 Loom
11:27 Feudal Age
13:01 Wheelbarrow
12:20 Double-Bit Axe
16:29 Horse Collar
20:55 Castle Age
27:14 Crossbowman
29:10 Hand Cart
30:25 Stone Mining
34:31 Town Watch
37:41 Imperial Age
45:02 Imperial Age
43:22 Heavy Plow
Connection lost

Rejoining the realm…

Still unreachable

The connection could not be restored.

Session expired

The server has moved on; the page needs a fresh start.